 Dungeon Crawl Stone Soup version 0.22.1-5-g62c59d919a (webtiles) character file.

63 Jerry the Chopper (level 3, -7/29 HPs)
             Began as a Demonspawn Chaos Knight on Jan 10, 2019.
             Mangled by a centaur (8 damage)
             ... on level 3 of the Dungeon.
             The game lasted 00:02:31 (1583 turns).

Jerry the Chopper (Demonspawn Chaos Knight)         Turns: 1583, Time: 00:02:31

Health: -7/29      AC:  9    Str: 13    XL:     3   Next: 89%
Magic:  3/3        EV: 11    Int: 13    God:    Xom [..*...]
Gold:   134        SH:  0    Dex: 12    Spells: 2/2 levels left

rFire    . . .     SeeInvis .   a - +0 hand axe (chaos)
rCold    . . .     Gourm    .   (no shield)
rNeg     . . .     Faith    .   b - +2 leather armour
rPois    .         Spirit   .   (no helmet)
rElec    .         Reflect  .   (no cloak)
rCorr    .         Harm     .   d - +0 pair of gloves
MR       .....                  (no boots)
Stlth    +.........             (no amulet)
HPRegen  0.09/turn              (no ring)
MPRegen  0.08/turn              (no ring)

@: no status effects
A: yellow scales 2
a: Renounce Religion


You were on level 3 of the Dungeon.
You worshipped Xom.
You were a toy of Xom.
You were not hungry.

You visited 1 branch of the dungeon, and saw 3 of its levels.

You collected 134 gold pieces.

Inventory:

Hand Weapons
 a - a +0 hand axe of chaos (weapon)
Armour
 b - a +2 leather armour (worn)
 d - a +0 pair of gloves (worn)
Jewellery
 i - an uncursed ring of stealth {unknown}
Scrolls
 f - a scroll of magic mapping {unknown}
 g - 3 scrolls of fear {unknown}
 h - 3 scrolls of remove curse {unknown}
 m - a scroll of enchant weapon {unknown}
 n - a scroll of fog {unknown}
Potions
 e - a potion of lignification {unknown}
 j - a potion of cancellation {unknown}
 k - a potion of brilliance {unknown}
Comestibles
 c - a ration


   Skills:
 + Level 3.5 Fighting
 * Level 3.6 Axes
 + Level 2.4 Armour
 - Level 0.8 Dodging


You had 2 spell levels left.
You didn't know any spells.
Your spell library was empty.

Dungeon Overview and Level Annotations

Branches:
Dungeon (3/15)

Altars:
Elyvilon
Gozag


Innate Abilities, Weirdness & Mutations

You are mostly covered in yellow scales. (AC +3)


Message History

A centaur is nearby!
The centaur shoots an arrow.
The arrow hits you but does no damage.
You see here a robe.
The centaur unwields an uncursed shortbow.
The centaur hits you but does no damage.
You hit the centaur but do no damage.
The centaur flickers and vanishes!
Deactivating autopickup; reactivate with Ctrl-A.
Something hits you. x2
You closely miss something. Something hits you!
Something hits you but does no damage.
You hit something but do no damage. Lightning courses through something!
Something hits you.
You barely miss something. Something hits you. x2
* * * LOW HITPOINT WARNING * * *
You hit something. Something hits you.
* * * LOW HITPOINT WARNING * * *
Something hits you.
* * * LOW HITPOINT WARNING * * *
You barely miss something. Something hits you!
You die...

#.# #.# ..# #.# .....
#.# #.# .... #.## #.#
... #.#####.# #..
#.......# #.. ##
##.####### #.###..###{##
##..#
........[@..###.#.......
.###..(####....#..#####
#.#....## ####.#..#
.........#####.<...#
.##.##.............# #
#..######.<#### #..#
#.(# .<..# #..# ..#.##
#..#


There were no monsters in sight!

Vanquished Creatures
  2 adders (D:2)
  An ooze (D:1)
  3 dart slugs
  A leopard gecko (D:2)
  A bat (D:1)
  A giant cockroach (D:3)
  5 goblins
  4 hobgoblins
  9 kobolds
  2 quokkas (D:2)
  2 frilled lizards
  4 rats
35 creatures vanquished.

Notes
Turn   | Place    | Note
-------+----------+-------------------------------------------
     0 | D:1      | Jerry the Demonspawn Chaos Knight began the quest for the
                  | Orb.
     0 | D:1      | Reached XP level 1. HP: 18/18 MP: 1/1
   124 | D:1      | Gained mutation: You are partially covered in yellow
                  | scales. (AC +2) [demonic ancestry]
   124 | D:1      | Reached XP level 2. HP: 6/24 MP: 2/2
   303 | D:1      | XOM: harmless Summ miscast
   613 | D:2      | Gained mutation: You are mostly covered in yellow scales.
                  | (AC +3) [demonic ancestry]
   613 | D:2      | Reached XP level 3. HP: 29/29 MP: 3/3
   740 | D:2      | Found an opulent altar of Gozag.
  1165 | D:2      | Found a white marble altar of Elyvilon.
  1503 | D:3      | XOM: harmless Chrm miscast
  1575 | D:3      | Noticed a centaur
  1582 | D:3      | HP: 1/29 [something (1)]
  1583 | D:3      | Mangled by a centaur

Skill      XL: |  1 |
---------------+----+-----
Axes           | 3 |  3.6
Armour         | 2 |  2.4
Fighting       | |  3.5
Dodging        | |  0.8

Action                   || total
-------------------------++-------
Melee: Hand axe          ||   112
 Stab: Paralysed         ||     1
  Eat: Chunk             ||     2
Armor: Leather armour    ||    41
Dodge: Dodged            ||    62
